 Dungeon Crawl Stone Soup version 0.17-a0-1123-g6d3914c (webtiles) character file.

127953 igornogaf the Tortoise (level 16, -9/161 HPs)
             Began as a Minotaur Berserker on May 24, 2015.
             Was the Champion of Trog.
             Shot with an arrow by a deep elf master archer (14 damage)
             ... on level 3 of the Elven Halls.
             The game lasted 01:53:09 (24055 turns).

igornogaf the Tortoise (Minotaur Berserker)        Turns: 24055, Time: 01:53:09

Health: -9/161     AC: 33    Str: 26    XL:     16   Next: 47%
Magic:  10/13      EV:  9    Int:  4    God:    Trog [******]
Gold:   1563       SH:  0    Dex: 15    Spells: 0 memorised, 15 levels left

rFire  . . .     SeeInvis .     d - +8 battleaxe of the Manifold Wars {flame, rPois}
rCold  + . .     Clarity  .     i - +9 plate armour {ponderous}
rNeg   . . .     SustAt   .     (no shield)
rPois  +         Gourm    .     j - +2 hat
rElec  .         Spirit   .     y - +0 cloak
rCorr  .         Warding  .     (no gloves)
rMut   .         Stasis   .     p - +0 pair of boots
MR     ++...                    g - amulet of regeneration
Stlth  ..........               W - ring of protection from magic
                                G - ring of protection from cold

@: exhausted, slowed, very slow, very resistant to hostile enchantments,
extremely unstealthy
A: retaliatory headbutt, horns 2, thin skeletal structure 1, low mp 1, no device
heal 1, MP-powered wands
a: Burn Spellbooks, Berserk, Trog's Hand, Brothers in Arms, Renounce Religion


You were on level 3 of the Elven Halls.
You worshipped Trog.
Trog was exalted by your worship.
You were very hungry.

You visited 4 branches of the dungeon, and saw 26 of its levels.
You also visited: Labyrinth and Ossuary.

You collected 2563 gold pieces.
You spent 1000 gold pieces at shops.

Inventory:

Hand weapons
 d - the +8 battleaxe of the Manifold Wars (weapon) {flame, rPois}
   (Trog gifted it to you on level 1 of the Orcish Mines)

   It has been specially enchanted to burn those struck by it, causing extra
   injury to most foes and up to half again as much damage against particularly
   susceptible opponents.
   Big, fiery blades are also staple armaments of hydra-hunters.
   It protects you from poison.
 f - the +10 triple crossbow of Imbalance {penet, rN++ SInv}
   (Trog gifted it to you on level 2 of the Elven Halls)

   Ammo fired by it will pass through the targets it hits, potentially hitting
   all targets in its path until it reaches maximum range.
   It greatly protects you from negative energy.
   It lets you see invisible.
Armour
 i - a +9 plate armour of ponderousness (worn)
 j - a +2 hat (worn)
 p - a +0 pair of boots (worn)
 y - a +0 cloak (worn)
Jewellery
 g - an amulet of regeneration (around neck)
 l - an uncursed amulet of guardian spirit {unknown}
 w - an uncursed ring of ice
 C - an uncursed amulet of stasis
 G - a ring of protection from cold (left hand)
 W - a ring of protection from magic (right hand)
Magical devices
 b - a wand of fireball (8)
 k - a wand of digging (12)
 o - a wand of magic darts (36)
 t - a wand of frost (42)
 E - a wand of digging (12)
 T - a wand of lightning (9)
 U - a wand of teleportation (0)
 V - a wand of cold (11)
 Z - a wand of disintegration (5)
Scrolls
 e - 3 scrolls of immolation
 m - 7 scrolls of remove curse
 n - 4 scrolls of amnesia
 q - 8 scrolls of teleportation
 r - 2 scrolls of recharging
 s - 5 scrolls of magic mapping
 x - a scroll of fog
 z - 3 scrolls of enchant armour
 B - a scroll of fear
 K - 7 scrolls of enchant weapon
 P - 6 scrolls of identify
Potions
 h - 5 potions of curing
 A - 6 potions of brilliance
 D - 2 potions of agility
 O - a potion of might
 Q - a potion of flight
Miscellaneous
 a - a lantern of shadows
 L - a fan of gales
Comestibles
 c - 12 bread rations
 v - 3 slices of pizza
 F - a meat ration
 H - 8 beef jerkies
 N - 22 royal jellies
 X - 7 fruits


   Skills:
 + Level 19.5 Fighting
 + Level 19.4 Axes
 + Level 19.5 Armour
 - Level 2.1 Dodging


You had 15 spell levels left.
You didn't know any spells.

Dungeon Overview and Level Annotations

Branches:
Dungeon (11/15)            Temple (0/1) D:6            Lair (8/8) D:9
  Snake (0/4) Lair:6        Slime (0/6) Lair:8          Orc (4/4) D:9
    Elf (3/3) Orc:3
  Swamp: Lair:3-6    Shoals: Lair:3-6

Altars:
Cheibriados
Kikubaaqudgha
Okawaru
Ru
Sif Muna
Trog
Vehumet
Beogh
Jiyva

Shops:
D:9 *   D:11 =   Orc:4 =(}?   Elf:1 (?

Annotations:
D:4 Menkaure, Robin
Elf:3 1 exclusion


Innate Abilities, Weirdness & Mutations

You reflexively headbutt those who attack you in melee.
You have a pair of horns on your head.
You have a somewhat thin skeletal structure (Dex +2, Stealth).
Your magical capacity is low (-10% MP).
Potions and wands are less effective at restoring your health.
You expend magic power (3 MP) to strengthen your wands.


Message History

As you read the scroll of fog, it crumbles to dust.
The scroll dissolves into smoke.
The deep elf master archer shoots an arrow.
The arrow hits you.
* * * LOW HITPOINT WARNING * * *
The deep elf master archer shoots an arrow.
The arrow hits you!!
* * * LOW HITPOINT WARNING * * *
Read which item? (? for menu, Esc to quit)
Okay, then.
Drink which item? (? for menu, Esc to quit)
Okay, then.
Zapping:
U - a wand of teleportation (will waste charges)
Press: ? - help, Shift-Dir - straight line, f - deep elf master archer
Aim: a deep elf master archer, wielding a longbow and wearing a leather armour (purple smoke, heavily wounded, chance to defeat MR: 4%)
The deep elf master archer resists with almost no effort.
Evoking this partially-identified wand wasted a few charges.
The deep elf master archer shoots an arrow.
The arrow hits you!
You die...

#########
####?:$$)$(#
###§[}[))}$"#
..###[§§§)))$):##
....'(e@§.(((###
..#####§§[####
#####


You could see a deep elf master archer.

Vanquished Creatures
  5 deep elf blademasters (Elf:3)
  A deep elf master archer (Elf:3)
  2 acid blobs (Lair:8)
  Kirke (Lair:5)
  4 deep elf sorcerers (Elf:3)
  The ghost of Seriy500 the Peltast, a powerful FoFi of the Shining One (Elf:2)
  Maud (Orc:3)
  An orc warlord (Orc:3)
  4 deep elf annihilators
  3 deep elf death magi
  A minotaur (Lab)
  A deep elf high priest (Elf:3)
  6 hydras
  The ghost of Bubblegod the Cleaver, a powerful DrBe of Trog (Orc:4)
  6 death yaks (Lair:8)
  14 dancing weapons (Elf:2)
  11 deep elf knights
  A lindwurm (Lair:5)
  2 deep elf summoners
  A hill giant (D:11)
  6 deep elf conjurers
  A griffon (Lair:2)
  2 harpies (Lair:5)
  10 orc sorcerers
  A sixfirhy (Elf:3)
  2 ugly things (D:11)
  3 elephants (Lair:4)
  Maurice (D:9)
  An octopode (shapeshifter) (Elf:2)
  Psyche (D:8)
  A gargoyle (D:10)
  5 black mambas
  15 spiny frogs
  11 komodo dragons
  3 fire drakes
  12 deep elf priests
  3 spriggan druids (Lair:7)
  A two-headed ogre (D:9)
  3 trolls
  A wind drake (shapeshifter) (Elf:3)
  9 polar bears
  Grinder (D:3)
  24 blink frogs
  2 raiju (Lair:8)
  A minotaur skeleton (Lab)
  11 spriggans (Lair:7)
  23 deep elf magi
  A redback (Elf:3)
  11 hippogriffs
  40 yaks
  2 wyverns
  4 hogs (Lair:5)
  Eustachio (D:6)
  Grum (D:8)
  27 deep elf fighters
  3 hungry ghosts
  4 basilisks
  2 soldier ants (D:10)
  39 wolves
  12 water moccasins
  11 wargs
  15 orc warriors
  3 hell hounds (Lair:8)
  2 swamp worms (Lair:7)
  5 nagas (Lair:6)
  7 ogres
  5 sky beasts
  A spider (D:10)
  The ghost of Chiseanne the Skirmisher, an average DrWn of Gozag (D:3)
  2 wasps (Lair:7)
  4 ice beasts
  11 porcupines
  17 black bears
  2 centaurs
  7 crocodiles
  3 phantoms
  A big kobold (D:7)
  A wyvern zombie (D:8)
  17 giant frogs
  A gnoll sergeant (D:10)
  A wyvern skeleton (D:11)
  4 scorpions
  14 killer bees
  An electric eel (Lair:4)
  6 crimson imps
  5 jellies
  2 centaur zombies (Ossuary)
  2 giant frog zombies
  22 orc priests
  16 hounds
  2 centaur skeletons
  A giant frog skeleton (D:6)
  53 orc wizards
  4 worker ants
  Natasha (thrice) (D:3)
  7 iguanas
  A hell rat (Elf:2)
  A killer bee zombie (D:8)
  23 sheep
  A big kobold zombie (Ossuary)
  A hound zombie (D:5)
  2 mummies (Ossuary)
  11 gnolls
  A worker ant zombie (D:8)
  9 adders
  50 river rats
  An adder zombie (D:8)
  4 worms
  An adder skeleton (D:10)
  8 giant geckos
  207 orcs
  19 bats
  3 giant cockroaches
  2 gnoll zombies (Ossuary)
  16 hobgoblins
  16 kobolds
  2 ball pythons
  A giant gecko zombie (D:5)
  4 giant newts
  17 goblins
  5 goblin zombies
  A hobgoblin zombie (Ossuary)
  19 jackals
  4 orc zombies (Ossuary)
  3 quokkas
  15 rats
  A rat zombie (D:6)
  4 crawling corpses (Elf:2)
  4 fungi
  14 plants
1098 creatures vanquished.

Vanquished Creatures (collateral kills)
  A hound (Lair:8)
1 creature vanquished.

Vanquished Creatures (others)
  A deep troll (Elf:3)
  A hill giant (Elf:3)
  A lost soul (Elf:3)
  6 plants (Lair:8)
9 creatures vanquished.

Grand Total: 1108 creatures vanquished

Notes
Turn   | Place    | Note
--------------------------------------------------------------
     0 | D:1      | igornogaf the Minotaur Berserker began the quest for the Orb.
     0 | D:1      | Reached XP level 1. HP: 19/19 MP: 0/0
   130 | D:1      | Reached XP level 2. HP: 25/27 MP: 1/1
   200 | D:1      | Acquired Trog's second power
   229 | D:1      | Reached skill level 4 in Axes
   493 | D:2      | Reached XP level 3. HP: 33/33 MP: 2/2
   865 | D:2      | Found a deep blue altar of Sif Muna.
   865 | D:2      | Found an ancient bone altar of Kikubaaqudgha.
  1000 | D:3      | Noticed Grinder
  1001 | D:3      | Reached XP level 4. HP: 41/41 MP: 3/3
  1070 | D:3      | Killed Grinder
  1070 | D:3      | Reached skill level 5 in Fighting
  1070 | D:3      | Reached skill level 5 in Axes
  1070 | D:3      | Reached skill level 5 in Armour
  1070 | D:3      | Reached XP level 5. HP: 13/48 MP: 4/4
  1070 | D:3      | Reached XP level 6. HP: 15/56 MP: 5/5
  1269 | D:3      | Noticed Chiseanne's ghost (average DrWn)
  1288 | D:3      | Killed Chiseanne's ghost
  1356 | D:3      | Found a bloodstained altar of Trog.
  1369 | D:3      | Found an iron altar of Okawaru.
  1396 | D:3      | Noticed Natasha
  1404 | D:3      | Killed Natasha
  1419 | D:3      | Noticed Natasha
  1431 | D:3      | Reached skill level 6 in Axes
  1433 | D:3      | Killed Natasha
  1553 | D:3      | Noticed Natasha
  1560 | D:3      | Killed Natasha
  1780 | D:4      | Noticed Menkaure
  1798 | D:4      | Noticed Robin
  1811 | D:5      | Entered Level 5 of the Dungeon
  2011 | D:5      | Reached XP level 7. HP: 63/63 MP: 6/6
  2149 | D:5      | Reached skill level 7 in Axes
  2322 | D:5      | Reached XP level 8. HP: 27/73 MP: 7/7
  2737 | D:5      | Acquired Trog's third power
  3089 | D:5      | Reached skill level 8 in Axes
  3378 | D:6      | Found a bloodstained altar of Trog.
  3502 | D:6      | Noticed Eustachio
  3517 | D:6      | Killed Eustachio
  3553 | D:6      | Found a sand-covered staircase.
  3567 | Ossuary  | Entered an ossuary
  3616 | Ossuary  | Reached XP level 9. HP: 78/82 MP: 8/8
  3849 | D:6      | Reached skill level 9 in Axes
  3949 | D:6      | Found a staircase to the Ecumenical Temple.
  4186 | D:7      | Found a sacrificial altar of Ru.
  4545 | D:7      | Reached skill level 10 in Axes
  4643 | D:7      | Reached skill level 10 in Fighting
  4643 | D:7      | Reached skill level 10 in Armour
  4874 | D:7      | Found a snail-covered altar of Cheibriados.
  5198 | D:8      | Noticed Psyche
  5207 | D:8      | Killed Psyche
  5418 | D:8      | Reached XP level 10. HP: 87/94 MP: 9/9
  5427 | D:8      | Gained mutation: Potions and wands are less effective at restoring your health. [mutagenic meat]
  5428 | D:8      | Gained mutation: You are weak. (Str -2) [mutagenic meat]
  6139 | D:8      | Noticed Grum
  6148 | D:8      | Reached skill level 11 in Fighting
  6157 | D:8      | Killed Grum
  6572 | D:8      | Received a gift from Trog
  6629 | D:8      | Lost mutation: You are weak. (Str -2) [potion of cure mutation]
  6630 | D:8      | Gained mutation: Your magical capacity is low (-10% MP). [potion of mutation]
  6630 | D:8      | Gained mutation: You have a somewhat thin skeletal structure (Dex +2, Stealth). [potion of mutation]
  6630 | D:8      | Gained mutation: You expend magic power (3 MP) to strengthen your wands. [potion of mutation]
  7412 | D:9      | Found a staircase to the Lair.
  7600 | D:9      | Found Loyshuss's Assorted Antiques.
  7650 | D:9      | Bought a shiny plate armour for 598 gold pieces
  7715 | D:9      | Found a staircase to the Orcish Mines.
  7746 | D:9      | Found a roughly hewn altar of Beogh.
  7885 | D:9      | Noticed Maurice
  7891 | D:9      | Killed Maurice
  7988 | D:9      | Found a radiant altar of Vehumet.
  8210 | D:10     | Entered Level 10 of the Dungeon
  8257 | D:10     | Reached skill level 12 in Fighting
  8257 | D:10     | Reached XP level 11. HP: 98/104 MP: 2/8
  8288 | D:10     | Received a gift from Trog
  9114 | D:11     | Found Gihohic's Jewellery Emporium.
  9152 | D:11     | Got a smoking ring mail
  9154 | D:11     | Identified the cursed +0 ring mail of the Ecumenical Temple {rF+} (You found it on level 11 of the Dungeon)
  9254 | D:11     | Noticed a hill giant
  9256 | D:11     | Killed a hill giant
  9385 | D:11     | Reached skill level 13 in Fighting
  9486 | D:11     | Got a bloodstained ring mail
  9697 | Orc:1    | Entered Level 1 of the Orcish Mines
  9947 | Orc:1    | Received a gift from Trog
  9961 | Orc:1    | Got a steaming battleaxe {god gift}
  9967 | Orc:1    | Identified the +8 battleaxe of the Manifold Wars {flame, rPois} (Trog gifted it to you on level 1 of the Orcish Mines)
 11012 | Orc:3    | Received a gift from Trog
 11037 | Orc:3    | Noticed Maud
 11049 | Orc:3    | Killed Maud
 11388 | Orc:3    | Noticed an orc warlord
 11401 | Orc:3    | Killed an orc warlord
 11401 | Orc:3    | Reached XP level 12. HP: 116/116 MP: 9/9
 11776 | Orc:3    | Found a staircase to the Elven Halls.
 11827 | Orc:3    | Gained mutation: You can translocate small distances at will. [potion of beneficial mutation]
 11848 | Orc:4    | Entered Level 4 of the Orcish Mines
 12214 | Orc:4    | Noticed Bubblegod's ghost (powerful DrBe)
 12225 | Orc:4    | Killed Bubblegod's ghost
 12328 | Orc:4    | Received a gift from Trog
 12332 | Orc:4    | Reached skill level 14 in Armour
 12489 | Orc:4    | Found Doycaowo's Weapon Shop.
 12489 | Orc:4    | Found Kiteb's Jewellery Emporium.
 12512 | Orc:4    | Paralysed by an orc sorcerer for 3 turns
 12538 | Orc:4    | Found a roughly hewn altar of Beogh.
 12606 | Orc:4    | Found Qinumm's Magic Scroll Shop.
 12606 | Orc:4    | Found Izumyut's Gadget Emporium.
 12608 | Orc:4    | Received a gift from Trog
 12768 | Orc:4    | Bought a scroll of identify for 22 gold pieces
 12768 | Orc:4    | Bought a scroll of identify for 22 gold pieces
 12768 | Orc:4    | Bought a scroll of identify for 22 gold pieces
 13263 | Orc:4    | Identified the +1 ring mail of the Countless Hells {rPois rN++ MR- Str+2} (You found it on level 11 of the Dungeon)
 13626 | Lair:1   | Entered Level 1 of the Lair of Beasts
 14135 | Lair:1   | Got a faintly humming leather armour
 14136 | Lair:1   | Identified the +1 leather armour of Fedhas's Indignation {Dex+2} (You found it on level 1 of the Lair of Beasts)
 14143 | Lair:1   | Received a gift from Trog
 14262 | Lair:1   | Reached skill level 15 in Fighting
 14635 | Lair:2   | Reached XP level 13. HP: 113/126 MP: 10/10
 14750 | Lair:2   | Reached skill level 15 in Armour
 14869 | Lair:2   | Reached skill level 15 in Axes
 14914 | Lair:2   | Found a labyrinth entrance.
 14926 | Lab      | Entered a labyrinth
 15485 | Lab      | Got a dazzling leather armour
 15485 | Lab      | Got a faintly humming ring mail
 16195 | Lair:3   | Received a gift from Trog
 17166 | Lair:5   | Noticed Kirke
 17169 | Lair:5   | Reached skill level 16 in Fighting
 17182 | Lair:5   | Killed Kirke
 17280 | Lair:5   | Received a gift from Trog
 17879 | Lair:6   | Reached XP level 14. HP: 117/138 MP: 11/11
 17887 | Lair:6   | Found a staircase to the Snake Pit.
 18737 | Lair:7   | Received a gift from Trog
 19270 | Lair:8   | Entered Level 8 of the Lair of Beasts
 19288 | Lair:8   | Reached skill level 17 in Armour
 19428 | Lair:8   | Received a gift from Trog
 19465 | Lair:8   | Found a runed door.
 19467 | Lair:8   | Found a viscous altar of Jiyva.
 19473 | Lair:8   | Noticed an acid blob
 19478 | Lair:8   | Found a staircase to the Slime Pits.
 19478 | Lair:8   | Noticed an acid blob
 19497 | Lair:8   | Killed an acid blob
 19499 | Lair:8   | Killed an acid blob
 19629 | Lair:8   | Found an iron altar of Okawaru.
 20050 | Lair:8   | Reached XP level 15. HP: 138/147 MP: 12/12
 20054 | Lair:8   | Received a gift from Trog
 20142 | Lair:8   | Lost mutation: You can translocate small distances at will. [potion of mutation]
 20791 | Elf:1    | Entered Level 1 of the Elven Halls
 20818 | Elf:1    | Found a radiant altar of Vehumet.
 20945 | Elf:1    | Reached skill level 18 in Armour
 20980 | Elf:1    | Found Uxisaum's Antique Weapon Boutique.
 21040 | Elf:1    | Found Omnigow's Magic Scroll Boutique.
 21046 | Elf:1    | Bought a scroll of remove curse for 36 gold pieces
 21046 | Elf:1    | Bought a scroll of identify for 24 gold pieces
 21046 | Elf:1    | Bought a scroll of enchant armour for 90 gold pieces
 21046 | Elf:1    | Bought a scroll of enchant weapon for 90 gold pieces
 21046 | Elf:1    | Bought a scroll of identify for 24 gold pieces
 21046 | Elf:1    | Bought 2 scrolls of remove curse for 72 gold pieces
 21094 | Elf:1    | You fall through a shaft!
 21431 | Elf:2    | Received a gift from Trog
 21523 | Elf:2    | Got a slimy triple crossbow {god gift}
 21555 | Elf:2    | Identified the +10 triple crossbow of Imbalance {penet, rN++ SInv} (Trog gifted it to you on level 2 of the Elven Halls)
 21738 | Elf:2    | Found a runed gate.
 21738 | Elf:2    | Found a runed gate.
 21738 | Elf:2    | Found a runed gate.
 21773 | Elf:2    | Noticed Seriy500's ghost (powerful FoFi)
 21793 | Elf:2    | Killed Seriy500's ghost
 22166 | Elf:2    | Received a gift from Trog
 22489 | Elf:3    | Entered Level 3 of the Elven Halls
 22805 | Elf:3    | Got a translucent scale mail
 22807 | Elf:3    | Identified the cursed +1 scale mail of Irumihal {rF+ Regen+ rCorr Slay-5} (You found it on level 3 of the Elven Halls)
 23098 | Elf:3    | Noticed a deep elf blademaster
 23107 | Elf:3    | Killed a deep elf blademaster
 23107 | Elf:3    | Reached skill level 19 in Armour
 23107 | Elf:3    | Reached XP level 16. HP: 147/159 MP: 13/13
 23111 | Elf:3    | Noticed a deep elf master archer
 23129 | Elf:3    | Killed a deep elf master archer
 23134 | Elf:3    | Received a gift from Trog
 23374 | Elf:3    | Noticed a deep elf master archer
 23386 | Elf:3    | Noticed a deep elf master archer
 23390 | Elf:3    | Noticed a deep elf blademaster
 23656 | Elf:3    | Killed a deep elf blademaster
 23857 | Elf:3    | Noticed a deep elf blademaster
 23866 | Elf:3    | Killed a deep elf blademaster
 24026 | Elf:3    | Noticed a deep elf blademaster
 24032 | Elf:3    | Noticed a deep elf blademaster
 24038 | Elf:3    | Killed a deep elf blademaster
 24039 | Elf:3    | Noticed a deep elf master archer
 24044 | Elf:3    | Killed a deep elf blademaster
 24054 | Elf:3    | HP: 4/161 [deep elf master archer/arrow (18)]
 24055 | Elf:3    | Shot with an arrow by a deep elf master archer

Vault maps used:
D:1:      dpeg_arrival_round_b
D:2:      gammafunk_temple_overflow_elements, minmay_liquid_box
D:3:      minitemple, nrook_loot_triangle, uniq_natasha, uniq_grinder
D:4:      serial_shops, shop_fountains, grunt_decor_mini_mirrors, uniq_pikel,
          uniq_menkaure, uniq_edmund, uniq_robin
D:5:      mumra_celtic_spiral_tile, first_bread, hangedman_minor_gate_pass
D:6:      minmay_temple_entry_hall, enter_ossuary_4, hangedman_decor_riveting,
          minmay_misc_feat_iff, trog_ov_bears_minmay, uniq_eustachio
D:7:      nicolae_ru_awakened_eye, kennysheep_mini
D:8:      uniq_psyche, uniq_grum
D:9:      lemuel_coloured_pillars_altar, minmay_lair_entry_lava,
          minmay_orc_entry_temple_small, serial_shops,
          nicolae_shop_overgrown_old_shop, uniq_maurice
D:10:     nrook_mini_vaults, hangedman_pestilent_swarm
D:11:     basic_altar, serial_shops, shop, minivault_13, uniq_erolcha
Lair:2:   lab_entry_generic, wad_woods_road_06
Lair:3:   minmay_lair_oklob_items, minmay_swamp_entry_worms
Lair:4:   infiniplex_staircase_pool
Lair:5:   uniq_kirke
Lair:6:   minmay_snake_entry_guardpost_medium, cheibrodos_lair_caveside_slide,
          grunt_forest_large_clearings
Lair:7:   forest_paths, worms_lemuel
Lair:8:   hangedman_lair_caniforms_friends, slime_altar_2, basic_altar,
          nicolae_quartered_pool_little, minivault_23
Orc:3:    nicolae_orc_pool_cavern, minmay_orc_barracks, uniq_maud
Orc:4:    st_orc_town
Elf:1:    eino_elf_arrival_altar, serial_shops, shop, nicolae_shop_behind_doors,
          nicolae_shop_waterfront, hangedman_corner_corridor
Elf:2:    evilmike_spriggan_trog_shrine
Elf:3:    minmay_elf_hall
Lab:      labyrinth_spiral, nicolae_lab_garden, nicolae_lab_grate_2,
          nicolae_lab_starburst, nicolae_lab_flowing_pool, lab_statue,
          nicolae_lab_statue, nicolae_lab_do_over, nicolae_lab_dead_end,
          nicolae_lab_hexagon, nicolae_lab_diamond, nicolae_lab_x,
          nicolae_lab_grate, nicolae_lab_lava, labyrinth_skeletal_remains
Ossuary:  minmay_ossuary_gauntlet

Action                   |  1- 3 |  4- 6 |  7- 9 | 10-12 | 13-15 | 16-18 || total
-------------------------+-------+-------+-------+-------+-------+-------++-------
Melee: Hand axe          |    74 |    80 |   402 |   110 |       |       ||   666
       Executioner's axe |       |       |       |   222 |       |       ||   222
       Battleaxe         |       |       |       |   364 |   867 |   108 ||  1339
Invok: Berserk           |     1 |     3 |     5 |     9 |     4 |     3 ||    25
       Burn Spellbooks   |       |       |     1 |     3 |     4 |       ||     8
       Brothers in Arms  |       |       |       |       |       |     2 ||     2
Evoke: Wand              |       |       |       |       |       |     1 ||     1
  Use: Potion            |       |     2 |       |     8 |     3 |     5 ||    18
       Scroll            |       |       |    11 |    12 |     9 |     3 ||    35
 Stab: Sleeping          |     1 |       |     1 |       |       |       ||     2
  Eat: Bread ration      |       |     1 |       |     3 |       |       ||     4
       Fruit             |       |     3 |       |     5 |    10 |     6 ||    24
       Chunk             |       |     2 |    22 |    36 |    19 |     2 ||    81
       Meat ration       |       |       |       |       |     2 |       ||     2
